 Dungeon Crawl Stone Soup version 0.31.0-11-ge490571c62 (webtiles) character file.

Game seed: 2806290203728424462

15901 Daunt the Basher (level 11, -5/99 HPs)
             Began as a Demigod Shapeshifter on Jan 30, 2024.
             Slain by a komodo dragon (26 damage)
             ... on level 2 of the Lair of Beasts.
             The game lasted 00:39:05 (10596 turns).

Daunt the Basher (Demigod Shapeshifter)            Turns: 10596, Time: 00:39:06

Health: -5/99      AC: 14    Str: 23    XL:     11   Next: 74%
Magic:  14/14      EV: 14    Int: 12    God:
Gold:   73         SH:  0    Dex: 17    Spells: 10/10 levels left

rFire   + . .        a - +8 whip "Camny" {spect, ^Drain rF+ rN+}
rCold   . . .        (no shield)
rNeg    + . .        M - +0 plate armour
rPois   +            u - +1 hat
rElec   .            H - +0 cloak
rCorr   .            (no gloves)
SInv    .            (no boots)
Will    +....        q - amulet of the acrobat Stlth
                     W - +5 ring of evasion
HPRegen 0.36/turn    P - ring of poison resistance
MPRegen 0.14/turn

%: acrobat
@: hasted, very quick
A: high MP 1, forlorn, divine attributes
a: no special abilities


You were on level 2 of the Lair of Beasts.
You visited 2 branches of the dungeon, and saw 13 of its levels.

You collected 630 gold pieces.
You spent 557 gold pieces at shops.

Inventory:

Hand Weapons
 a - the +8 whip "Camny" (weapon) {spect, ^Drain rF+ rN+}
   (You found it on level 3 of the Dungeon)

   rF+:       It protects you from fire.
   rN+:       It protects you from negative energy.
   ^Drain:    It drains your maximum health when unequipped.
 v - a +2 heavy war axe
 K - a +3 sling of freezing
 L - the +3 mace of Brawling {heavy, rN+ Str+4}
   (You found it on level 7 of the Dungeon)

   Str+4:     It affects your strength (+4).
   rN+:       It protects you from negative energy.
Missiles
 e - 127 stones (quivered)
 n - 48 poisoned darts
 G - 14 boomerangs
 U - a curare-tipped dart
Armour
 u - a +1 hat (worn)
 H - a +0 cloak (worn)
 M - a +0 plate armour (worn)
 S - +0 acid dragon scales
Jewellery
 p - a +5 ring of evasion
 q - an amulet of the acrobat (around neck)
 I - a ring of see invisible
 P - a ring of poison resistance (right hand)
 W - a +5 ring of evasion (left hand)
Talismans
 c - a beast talisman
 d - a flux talisman
Wands
 E - a wand of polymorph (9)
 F - a wand of paralysis (18)
Scrolls
 f - 5 scrolls of enchant weapon
 g - 2 scrolls of brand weapon {unknown}
 h - 4 scrolls of vulnerability {unknown}
 i - 10 scrolls of identify
 j - 4 scrolls of fog
 k - 2 scrolls of butterflies {unknown}
 o - a scroll of immolation {unknown}
 s - 3 scrolls of blinking
 y - 3 scrolls of amnesia {unknown}
 A - 2 scrolls of poison {unknown}
 C - 6 scrolls of teleportation {unknown}
 J - a scroll of noise {unknown}
 N - 2 scrolls of revelation {unknown}
 O - a scroll of enchant armour {unknown}
 T - a scroll of fear {unknown}
Potions
 b - 5 potions of lignification
 l - a potion of might {unknown}
 m - 4 potions of cancellation {unknown}
 r - 3 potions of brilliance {unknown}
 t - 2 potions of enlightenment {unknown}
 w - a potion of ambrosia {unknown}
 x - 7 potions of heal wounds {unknown}
 z - 5 potions of curing {unknown}
 B - 3 potions of invisibility {unknown}
 D - a potion of magic {unknown}
 Q - a potion of resistance {unknown}
 R - 3 potions of haste
 V - a potion of degeneration {unknown}


   Skills:
 + Level 9.7 Fighting
 - Level 12.0 Maces & Flails
 + Level 5.7 Armour
 + Level 6.0 Dodging
 - Level 2.6 Unarmed Combat
 - Level 5.0 Evocations
 - Level 2.6 Shapeshifting


You had 10 spell levels left.
You didn't know any spells.
Your spell library contained the following spells:

 Spells                   Type           Power      Damage    Failure   Level
 Call Canine Familiar     Summ           0%         N/A       100%        3
 Sigil of Binding         Hex            0%         N/A       100%        3
 Dimensional Bullseye     Hex/Tloc       0%         N/A       100%        4


Dungeon Overview and Level Annotations

Branches:
Dungeon (11/15)            Temple (0/1) D:7            Lair (2/5) D:11
    Orc (0/2) D:10
  Swamp: Lair:2-3    Shoals: Lair:2-3     Snake: Lair:2-3    Spider: Lair:2-3

Shops:
D:4 *   D:11 !?((*

Annotations:
D:6 1 runed translucent door, Crazy Yiuf, Pikel
D:8 1 runed translucent door, VoidStrider's ghost, journeyman TeAE


Innate Abilities, Weirdness & Mutations

You have an increased reservoir of magic. (+10% MP)
You shall have no god before yourself.
Your divine heritage dramatically boosts your attributes as you level up.


Message History

Unknown command.
You whack the blink frog!
You kill the blink frog!
Unknown command.
You whack the komodo dragon!
You punch the komodo dragon, but do no damage.
The komodo dragon is moderately wounded.
Your +8 whip "Camny" {spect, ^Drain rF+ rN+} barely misses the komodo dragon.
The blink frog closely misses you. The komodo dragon bites you!!
Unknown command.
You closely miss the komodo dragon.
The komodo dragon is moderately wounded.
Your +8 whip "Camny" {spect, ^Drain rF+ rN+} hits the komodo dragon!
The blink frog hits you!
* * * LOW HITPOINT WARNING * * *
Unknown command.
You feel yourself speed up.
Your +8 whip "Camny" {spect, ^Drain rF+ rN+} disappears.
The komodo dragon completely misses you.
The blink frog closely misses you.
Unknown command.
You hit the komodo dragon but do no damage.
The komodo dragon is heavily wounded.
Your +8 whip "Camny" {spect, ^Drain rF+ rN+} barely misses the komodo dragon.
You hit the komodo dragon but do no damage.
The komodo dragon is heavily wounded.
Your +8 whip "Camny" {spect, ^Drain rF+ rN+} hits the komodo dragon.
The blink frog completely misses you.
The komodo dragon bites your +8 whip "Camny" {spect, ^Drain rF+ rN+}.
Your spectral weapon shares its damage with you!
* * * LOW HITPOINT WARNING * * *
Unknown command.
You hit the komodo dragon.
The komodo dragon is severely wounded.
Your +8 whip "Camny" {spect, ^Drain rF+ rN+} hits the komodo dragon but does no damage.
You barely miss the komodo dragon.
The komodo dragon is severely wounded.
Your +8 whip "Camny" {spect, ^Drain rF+ rN+} completely misses the komodo dragon.
The blink frog blinks!
The komodo dragon bites you!!
You die...

#..........# #.........#
#...#.....# #.....§...##
#..F.......# #...F....... #####
############# #..........#
....♣#♣♣...♣...♣(§.♣♣#....F.....#
.≈≈≈.#♣..♣...#Fl@♣..♣#...........
♣.~~..†♣♣♣♣♣#.#♣♣♣♣♣F.FF.##.....#
♣..♣♣#♣..♣...#...♣..♣#...##P....#
♣♣♣♣ ♣♣...♣...♣...♣♣#....##...##
######################.....#...##
..<....... .........#....P#
[......... ......##.##...P#
..#P.....# ##..####.##...## .P
#.....# #.. #......#


You could see a komodo dragon, a blink frog and a friendly +8 whip "Camny"
{spect, ^Drain rF+ rN+}.

Vanquished Creatures
  A boulder beetle (Lair:2)
  A two-headed ogre (D:11)
  A skyshark (Lair:2)
  An ugly thing (D:11)
  3 cyclopes (D:11)
  Joseph (D:7)
  A black mamba (Lair:1)
  A gargoyle (D:10)
  2 cane toads (Lair:1)
  An unseen horror (D:8)
  A kobold demonologist (D:10)
  3 komodo dragons
  A troll (D:11)
  3 blink frogs (Lair:2)
  A shadow (D:10)
  2 wyverns
  9 yaks
  A fire bat (D:5)
  A wraith (D:10)
  6 basilisks
  A steam dragon (D:8)
  2 acid dragons
  6 water moccasins
  4 orc warriors
  A sky beast (D:7)
  2 black bears
  3 ice beasts
  An ogre (D:7)
  10 wolves
  A centaur (D:10)
  2 phantoms (D:7)
  4 kobold brigands
  6 bullfrogs
  5 scorpions
  4 wights (D:7)
  27 killer bees
  A bombardier beetle (D:5)
  5 hounds
  4 orc priests
  3 iguanas
  A jelly (D:6)
  12 orc wizards
  5 hell rats (Lair:1)
  Robin (D:3)
  An adder (D:2)
  A gnoll (D:8)
  A shadow imp (D:5)
  2 white imps
  2 ufetubi (D:5)
  2 dart slugs
  A ribbon worm (D:2)
  37 orcs
  7 ball pythons
  3 bats
  12 endoplasms
  2 giant cockroaches (D:1)
  23 goblins
  14 hobgoblins
  6 jackals
  29 kobolds
  2 quokkas (D:1)
  3 frilled lizards (D:1)
  10 rats
310 creatures vanquished.

Vanquished Creatures (others)
  2 spectral weapons
2 creatures vanquished.

Grand Total: 312 creatures vanquished

Notes
Turn   | Place    | Note
-------+----------+-------------------------------------------
     0 | D:1      | Daunt the Demigod Shapeshifter began the quest for the Orb.
     0 | D:1      | Reached XP level 1. HP: 15/15 MP: 3/3
    11 | D:1      | Reached skill level 1 in Fighting
   144 | D:1      | Reached XP level 2. HP: 24/24 MP: 4/4
   884 | D:1      | Reached XP level 3. HP: 21/30 MP: 5/5
  1908 | D:3      | Noticed Robin
  1928 | D:3      | Killed Robin
  1929 | D:3      | Reached XP level 4. HP: 33/40 MP: 6/6
  1984 | D:3      | Identified the +8 whip "Camny" {spect, ^Drain rF+ rN+}
  2418 | D:4      | Reached skill level 2 in Maces & Flails
  2475 | D:4      | Reached XP level 5. HP: 41/46 MP: 7/7
  2514 | D:4      | Found Taetuicw's Assorted Antiques.
  2519 | D:4      | Reached skill level 3 in Maces & Flails
  2523 | D:4      | Bought a scroll labelled HOSIFRIDDU for 25 gold pieces
  2523 | D:4      | Bought 2 metallic amethyst potions for 45 gold pieces
  2772 | D:5      | Entered Level 5 of the Dungeon
  2932 | D:5      | Noticed a water moccasin
  2933 | D:5      | a water moccasin changed into a fire bat
  2933 | D:5      | Noticed a fire bat
  2943 | D:5      | Killed a fire bat
  2944 | D:5      | Reached skill level 4 in Maces & Flails
  2944 | D:5      | Reached XP level 6. HP: 39/52 MP: 8/8
  3012 | D:5      | Reached skill level 5 in Maces & Flails
  3117 | D:5      | Reached XP level 7. HP: 54/59 MP: 9/9
  3130 | D:5      | Reached skill level 6 in Maces & Flails
  3355 | D:5      | Reached skill level 7 in Maces & Flails
  4021 | D:6      | Found a runed translucent door.
  4021 | D:6      | Noticed Crazy Yiuf
  4022 | D:6      | Noticed Pikel
  4069 | D:6      | Reached XP level 8. HP: 67/67 MP: 10/10
  4115 | D:6      | Reached skill level 5 in Fighting
  4255 | D:6      | Reached skill level 8 in Maces & Flails
  4968 | D:7      | Reached skill level 9 in Maces & Flails
  4990 | D:7      | Found a staircase to the Ecumenical Temple.
  5037 | D:7      | Identified the flux talisman of Patterns {Will+}
  5149 | D:7      | Noticed Joseph
  5163 | D:7      | Killed Joseph
  5164 | D:7      | Reached XP level 9. HP: 53/77 MP: 11/11
  5177 | D:7      | Identified the +3 mace of Brawling {heavy, rN+ Str+4}
  5265 | D:8      | Found a runed translucent door.
  5265 | D:8      | Noticed VoidStrider's ghost (journeyman TeAE)
  5265 | D:8      | Noticed a +0 falchion of chaos
  5349 | D:8      | Killed an unseen horror
  5439 | D:8      | Reached skill level 10 in Maces & Flails
  6494 | D:10     | Entered Level 10 of the Dungeon
  6582 | D:9      | Reached skill level 11 in Maces & Flails
  7009 | D:10     | Reached XP level 10. HP: 86/86 MP: 13/13
  7018 | D:10     | Reached skill level 1 in Armour
  7018 | D:10     | Reached skill level 1 in Evocations
  7195 | D:10     | Found a staircase to the Orcish Mines.
  8097 | D:11     | Found Taotos's General Store.
  8100 | D:11     | Bought a scroll of fog for 68 gold pieces
  8100 | D:11     | Bought a scroll of enchant weapon for 127 gold pieces
  8175 | D:11     | Noticed a cyclops
  8187 | D:11     | Killed a cyclops
  8279 | D:11     | Found a staircase to the Lair.
  8318 | D:11     | Found Gofapeew's Weapon Shop.
  8371 | D:11     | Noticed a cyclops
  8386 | D:11     | Killed a cyclops
  8461 | D:11     | Found Qasit's Weapon Shop.
  8478 | D:11     | Found Paes's Magic Scroll Shop.
  8478 | D:11     | Noticed a two-headed ogre
  8489 | D:11     | Killed a two-headed ogre
  8490 | D:11     | Reached skill level 12 in Maces & Flails
  8617 | D:11     | Bought a scroll of blinking for 112 gold pieces
  8617 | D:11     | Bought a scroll of identify for 30 gold pieces
  8617 | D:11     | Bought a scroll of identify for 30 gold pieces
  8704 | D:11     | Found Muyh's Distillery.
  8714 | D:11     | Noticed a purple ugly thing
  8722 | D:11     | Noticed a cyclops
  8736 | D:11     | Killed a purple ugly thing
  8759 | D:11     | Killed a cyclops
  8760 | D:11     | Reached XP level 11. HP: 83/95 MP: 14/14
  8772 | D:11     | Bought a potion of haste for 120 gold pieces
  9099 | Lair:1   | Entered Level 1 of the Lair of Beasts
  9649 | Lair:1   | Reached skill level 5 in Dodging
  9936 | Lair:1   | Reached skill level 5 in Armour
 10229 | Lair:1   | Reached skill level 5 in Evocations
 10374 | Lair:2   | Noticed a boulder beetle
 10434 | Lair:2   | Killed a boulder beetle
 10575 | Lair:2   | Noticed a skyshark
 10588 | Lair:2   | Killed a skyshark
 10596 | Lair:2   | Slain by a komodo dragon

Illustrated notes

Levels and vault maps discovered:
D:1:      lightli_arrival_statuegarden, layout_basic,
          hellmonk_ecumenical_altar_dog_temple
D:2:      layout_rooms
D:3:      layout_basic, chequers_mini_garden, serial_bayou_lake_a, uniq_robin
D:4:      layout_basic, serial_shops, shop
D:5:      layout_basic
D:6:      layout_loops_cross, uniq_crazy_yiuf_cottage, uniq_pikel
D:7:      layout_loops_cross, minmay_temple_entry_purple_smoke, uniq_joseph
D:8:      corexii_shantytown, layout_rooms, nicolae_overflow_crystal_walls,
          ebering_ghost_xom
D:9:      layout_gridville, nicolae_qazlal_style_of_elements, serial_glass,
          glass_columns_b, glass_columns_a, kennysheep_boxes
D:10:     layout_loops_ring, mainiacjoe_overflow_24_doors, hiddenorc1_lemuel
D:11:     layout_loops_ring, dpeg_oklobed_lair, serial_shops,
          nicolae_shop_tiny_real_fake_doors, nicolae_stop_n_shop_1, shop,
          nicolae_square_shop, nicolae_shop_bloodbath_and_beyond
Lair:1:   layout_hall_layers
Lair:2:   nzn_winding_woodlands_huge [nzn_winding_woodlands_5x15_twine,
          nzn_winding_woodlands_5x15_pathside_ponds,
          nzn_winding_woodlands_5x15_sidewinder,
          nzn_winding_woodlands_5x15_pockets, nzn_winding_woodlands_5x15_cabin,
          nzn_winding_woodlands_5x15_sawtooth,
          nzn_winding_woodlands_5x15_jagged,
          nzn_winding_woodlands_5x15_longhouse,
          nzn_winding_woodlands_5x15_lazy_stream,
          nzn_winding_woodlands_5x15_default,
          nzn_winding_woodlands_center_triple_pond,
          nzn_winding_woodlands_center_diamonds,
          nzn_winding_woodlands_15x15_five_gardens], layout_gridlike,
          gammafunk_ghost_hive

Skill      XL: |  1  2  3  4  5  6  7  8  9 10 11 |
---------------+----------------------------------+-----
Fighting       | 2 3 4 6 7 8 9 |  9.7
Maces & Flails | 2 4 5 7 9 11 12 | 12.0
Dodging        | 2 4 6 |  6.0
Armour         | 3 5 |  5.7
Evocations     | 3 5 |  5.0
Unarmed Combat | |  2.6
Shapeshifting  | |  2.6

Action                     |  1- 3 |  4- 6 |  7- 9 | 10-12 || total
---------------------------+-------+-------+-------+-------++-------
  Melee: Unarmed           |    19 |       |       |       ||    19
         Whip              |   123 |    60 |   286 |   442 ||   911
         Punch             |     2 |     3 |     5 |    13 ||    23
Ability: Begin Untransform |       |       |     1 |       ||     1
  Evoke: Wand              |       |     1 |       |     1 ||     2
    Use: Potion            |       |       |       |     1 ||     1
   Stab: Sleeping          |     4 |       |       |       ||     4
         Distracted        |       |     3 |     2 |    12 ||    17
         Paralysed         |       |       |       |     9 ||     9
 Armour: Animal skin       |    58 |       |       |       ||    58
         Scale mail        |     7 |     3 |       |       ||    10
         Chain mail        |       |    10 |    54 |       ||    64
         Plate armour      |       |       |    49 |   153 ||   202
  Dodge: Dodged            |    78 |    41 |   150 |   189 ||   458
